Map: [ESL] Goldenaura

Players

Dark

  • Race: Zerg Zerg
  • Spawn Location: 12:00

Clem - Winner!

  • Race: Terran Terran
  • Spawn Location: 5:00

Event: ESL SC2 Masters 2023 Winter (Finals)

VOD

Have the link to the VOD?

Description

Time

  • Played on: Dec. 17, 2023, 6:41 p.m.
  • Length: 26:58

All games in this series

Show
View Real Time Build Order
Export as new Build Order

Dark Zerg 

Build Orders: Hatch First 

Get SALT Encoding   

  12  0:00  Drone  
  13  0:11  Overlord  
  13  0:16  Drone  
  14  0:30  Drone x2  
  16  0:47  Hatchery  
  15  0:51  Drone  
  15  0:54  Drone  
  17  0:58  Drone  
  18  1:15  Drone, Spawning Pool  
  19  1:18  Drone  
  19  1:29  Drone  
  20  1:39  Drone  
  21  1:44  Hatchery  
  20  1:48  Drone  
  21  2:02  Queen  
  21  2:04  Zergling x4  
  25  2:10  Queen  
  25  2:15  Overlord  
  27  2:18  Drone  
  28  2:34  Drone  
  28  2:36  Drone x2  
  31  2:37  Queen  
  33  2:46  Queen  
  33  2:49  Overlord  
  33  2:50  Drone  
  36  2:55  Queen  
  38  2:58  Overlord  
  38  3:00  Drone  
  38  3:03  Drone  
  38  3:04  Drone  
  41  3:06  Drone  
  41  3:09  Drone  
  41  3:10  Drone  
  44  3:22  Drone x2  
  44  3:23  Drone x4  
  44  3:24  Drone  
  51  3:30  Roach Warren  
  51  3:32  Drone  
  51  3:33  Drone  
  52  3:38  Drone  
  52  3:39  Drone x2, Extractor  
  52  3:41  Extractor  
  53  3:43  Drone x2  
  53  3:44  Drone  
  56  3:50  Extractor  
  55  3:57  Drone x3  
  55  3:59  Overlord  
  55  4:02  Overlord  
  58  4:03  Overlord  
  58  4:05  Overlord  
  58  4:08  Overlord  
  58  4:10  Overlord  
  58  4:19  Roach x3  
  58  4:22  Roach  
  66  4:26  Roach  
  66  4:30  Roach  
  70  4:38  Roach x2  
  71  4:45  Roach  
  73  4:49  Queen x2  
  71  4:55  Drone x6, Roach  
  71  4:58  Drone  
  78  5:00  Drone  
  78  5:01  Drone  
  78  5:05  Drone  
  79  5:07  Drone  
  79  5:08  Drone x2  
  79  5:10  Drone  
  79  5:13  Drone  
  85  5:14  Drone  
  85  5:16  Drone  
  85  5:17  Drone  
  85  5:20  Drone  
  88  5:25  Ravager  
  88  5:26  Drone  
  88  5:27  Drone  
  89  5:30  Drone  
  88  5:36  Drone, Ravager  
  88  5:39  Drone, Ravager  
  88  5:41  Overlord x2  
  90  5:43  Overlord  
  90  5:47  Ravager  
  90  5:48  Overlord x2  
  90  5:49  Lair  
  89  5:53  Overlord  
  89  5:55  Drone  
  90  5:57  Overlord  
  90  5:59  Hatchery  
  90  6:00  Drone x4  
  93  6:05  Drone, Evolution Chamber  
  93  6:06  Evolution Chamber  
  93  6:08  Drone  
  93  6:15  Hatchery  
  93  6:16  Drone  
  93  6:18  Drone x2  
  95  6:20  Extractor  
  95  6:22  Extractor  
  95  6:24  Extractor  
  92  6:29  Metabolic Boost  
  92  6:30  Drone  
  92  6:31  Zerg Melee Weapons Level 1  
  93  6:33  Zerg Ground Armor Level 1  
  93  6:36  Drone  
  93  6:38  Roach  
  98  6:40  Roach  
  98  6:42  Drone x2  
  98  6:43  Drone x5  
  105  6:48  Roach  
  105  6:49  Roach  
  105  6:50  Roach x2  
  105  6:52  Drone  
  105  6:53  Drone  
  115  6:56  Glial Reconstitution  
  115  6:58  Drone x2  
  117  7:02  Hatchery  
  117  7:05  Roach x4  
  124  7:10  Infestation Pit  
  124  7:12  Drone, Baneling Nest  
  123  7:17  Drone x2  
  123  7:18  Drone  
  123  7:21  Zergling x14  
  133  7:26  Zergling x8  
  137  7:30  Zergling x2  
  137  7:31  Zergling x2  
  137  7:34  Zergling x4  
  138  7:48  Zergling x24  
  149  7:52  Hive  
  149  7:56  Zergling x6  
  149  8:00  Overlord  
  145  8:05  Overlord  
  145  8:08  Overlord  
  145  8:10  Infestor x2  
  145  8:11  Overlord  
  145  8:12  Zergling x2  
  149  8:13  Overlord  
  149  8:16  Overlord  
  149  8:17  Zergling x12  
  155  8:20  Zergling x8  
  155  8:27  Centrifugal Hooks  
  159  8:28  Zerg Melee Weapons Level 2, Zerg Ground Armor Level 2  
  159  8:29  Zergling x14  
  159  8:32  Infestor  
  159  8:33  Zergling x6  
  169  8:41  Zergling x14  
  169  8:44  Baneling x5  
  157  8:58  Zergling x28  
  157  9:00  Ravager x3  
  174  9:07  Drone x4  
  178  9:10  Burrow  
  178  9:14  Adrenal Glands  
  178  9:16  Zergling x2  
  178  9:17  Zergling x16  
  187  9:25  Hatchery  
  186  9:35  Zergling x24  
  198  9:39  Baneling x8  
  189  9:52  Zergling x30  
  172  9:55  Zergling x4  
  172  9:57  Viper  
  172  9:59  Viper x2  
  174  10:06  Nydus Network  
  179  10:08  Drone  
  178  10:14  Zergling x16  
  178  10:18  Spore Crawler  
  178  10:21  Zergling x4  
  187  10:22  Overseer  
  187  10:23  Pneumatized Carapace, Overlord  
  187  10:25  Zergling x2  
  187  10:26  Zergling x2  
  177  10:38  Zergling x20  
  177  10:41  Drone x2  
  177  10:42  Drone x3  
  191  10:44  Hatchery  
  191  10:45  Baneling x2  
  191  10:46  Ravager x4  
  194  10:51  Drone  
  194  10:55  Zerg Melee Weapons Level 3  
  195  11:04  Drone  
  195  11:11  Zergling x10, Spore Crawler  
  200  11:15  Nydus Canal  
  198  11:18  Zerg Ground Armor Level 3  
  198  11:26  Zergling x2  
  194  11:39  Zergling x16  
  198  11:48  Ultralisk Cavern  
  198  11:49  Hatchery  
  196  11:55  Drone  
  196  11:59  Drone  
  196  12:00  Drone x2  
  196  12:01  Hatchery  
  199  12:02  Nydus Canal  
  198  12:20  Zergling x6  
  198  12:22  Zergling x4  
  195  12:31  Zergling x8, Baneling x8  
  199  12:42  Zergling x44  
  199  12:46  Chitinous Plating  
  199  13:01  Hatchery  
  198  13:07  Zergling x2  
  198  13:11  Overseer  
  199  13:18  Spore Crawler  
  198  13:22  Zergling x4  
  198  13:26  Drone x5  
  200  13:31  Baneling x8  
  200  13:33  Zerg Missile Weapons Level 1  
  197  13:45  Zergling x18  
  199  13:56  Zergling x2  
  193  14:05  Anabolic Synthesis  
  193  14:06  Zergling x8  
  193  14:07  Zergling x12  
  182  14:11  Zergling x10  
  182  14:14  Ultralisk x2  
  182  14:16  Baneling x7  
  199  14:26  Baneling x4  
  199  14:27  Overseer  
  199  14:29  Baneling x3  
  199  14:32  Zergling x2  
  199  14:36  Baneling x3  
  200  14:57  Zergling x2  
  199  15:05  Spore Crawler  
  199  15:07  Zergling x2  
  199  15:12  Spire  
  198  15:15  Baneling x17  
  198  15:16  Baneling x12  
  198  15:27  Zergling x20  
  198  15:28  Zergling x12  
  199  15:34  Zergling x2  
  200  15:40  Nydus Canal  
  184  15:58  Zergling x28  
  189  16:05  Zergling x2  
  189  16:06  Zergling x26  
  189  16:07  Overlord x2  
  189  16:10  Overlord x2  
  183  16:12  Overlord  
  183  16:14  Baneling x15  
  183  16:15  Overlord  
  183  16:23  Corruptor x3  
  183  16:24  Overlord, Corruptor  
  191  16:31  Corruptor x8  
  199  16:38  Zergling x6  
  199  16:41  Overlord  
  199  16:43  Overseer  
  199  16:44  Overseer x4  
  199  16:45  Overseer x2  
  199  17:10  Baneling x7  
  199  17:12  Overseer x2  
  199  17:15  Zergling x12  
  200  17:21  Hatchery  
  200  17:22  Baneling x9  
  199  17:23  Zergling x2  
  199  17:28  Overseer  
  199  17:29  Overseer x2  
  197  17:41  Zergling x4  
  166  18:00  Zergling x60  
  166  18:01  Zergling x4  
  176  18:14  Ultralisk  
  176  18:15  Zergling x2, Ultralisk x2  
  176  18:16  Zergling x14  
  199  18:32  Extractor x2  
  190  18:37  Zergling x18  
  190  18:40  Baneling x12  
  199  18:49  Zerg Flyer Weapons Level 1  
  199  18:53  Baneling x11  
  197  19:06  Zergling x10  
  173  19:33  Zergling x4  
  173  19:34  Zergling x56  
  173  19:38  Corruptor x3  
  199  19:49  Baneling x16  
  194  20:00  Drone x3  
  194  20:01  Zergling x2  
  194  20:02  Zergling x4  
  188  20:18  Zergling x40  
  183  20:21  Zergling x2  
  183  20:27  Drone x4  
  188  20:31  Zergling x10  
  193  20:37  Zergling x4  
  193  20:40  Zergling x2  
  193  20:41  Zergling x4  
  197  20:45  Zergling x6  
  197  20:49  Infestor x2  
  197  20:55  Infestor  
  197  20:56  Zergling x2  
  198  21:22  Zergling x4  
  200  21:28  Zergling x2  
  200  21:30  Baneling x5  
  200  21:31  Baneling x3  
  200  21:42  Infestor  
  200  21:43  Infestor  
  194  21:53  Zergling x50  
  197  21:55  Zergling x4  
  195  22:22  Zergling x32  
  179  22:34  Zergling x2  
  179  22:35  Zergling x4  
  163  22:38  Corruptor x4  
  163  22:39  Zergling x2  
  163  22:40  Zergling x16  
  174  22:47  Baneling x4  
  174  22:48  Baneling x4  
  174  22:51  Extractor x2  
  173  22:54  Zergling x16  
  180  23:01  Zergling x2  
  180  23:04  Zergling x4  
  182  23:06  Zergling x2  
  182  23:10  Zergling x4  
  184  23:19  Zergling x6  
  184  23:21  Overlord x5  
  184  23:22  Zerg Flyer Weapons Level 2  
  184  23:28  Overlord  
  183  23:34  Zergling x4  
  183  23:38  Infestor  
  183  23:39  Infestor  
  183  23:40  Zergling x2  
  183  23:41  Zergling x30  
  200  23:42  Baneling x6  
  200  23:54  Baneling  
  200  24:02  Baneling x3  
  182  24:26  Zergling x54  
  183  24:39  Corruptor x3  
  183  24:41  Zergling x10  
  186  24:46  Zergling x6  
  186  24:48  Zergling x4, Extractor x2  
  186  24:50  Zergling x4  
  186  24:52  Zergling x4  
  188  24:53  Overseer  
  188  24:54  Zergling x2  
  190  25:00  Zergling x20  
  198  25:10  Zergling x4  
  198  25:11  Zergling x2  
  197  25:15  Zergling x2  
  197  25:16  Zergling x2  
  190  25:28  Zergling x30  
  188  25:30  Zergling x2  
  188  25:33  Baneling x13  
  188  25:34  Zergling x12  
  188  25:35  Zergling x2, Baneling x4  
  198  25:36  Zergling x4  
  197  25:54  Zergling x16  
  164  26:24  Corruptor x2  
  164  26:25  Corruptor x6  
  147  26:28  Zergling x14  
  130  26:33  Zergling x30  
  130  26:37  Zergling x4  
Show
View Real Time Build Order
Export as new Build Order

Clem Terran - Winner!

Build Orders: Liberator Opening, Reaper Expand 

Get SALT Encoding   

  12  0:00  SCV  
  13  0:12  SCV  
  14  0:17  Supply Depot  
  14  0:24  SCV  
  15  0:38  Barracks, SCV  
  16  0:44  Refinery  
  16  0:50  SCV  
  17  1:02  SCV  
  18  1:14  SCV  
  19  1:26  Reaper  
  19  1:27  Orbital Command  
  20  1:39  Command Center  
  20  1:47  Supply Depot  
  20  1:52  SCV  
  21  1:58  Marine  
  22  2:05  SCV  
  23  2:11  Factory  
  23  2:15  Refinery  
  23  2:17  SCV  
  23  2:20  Barracks Reactor  
  24  2:29  SCV  
  25  2:41  SCV  
  26  2:58  Starport  
  26  3:01  SCV  
  26  3:02  Hellion x2  
  26  3:04  Orbital Command  
  31  3:07  Marine  
  32  3:13  SCV  
  33  3:23  Cyclone x2  
  33  3:25  SCV  
  38  3:31  SCV, Supply Depot  
  39  3:35  Liberator  
  39  3:37  SCV  
  43  3:43  SCV  
  43  3:45  Barracks Tech Lab  
  44  3:49  SCV  
  44  3:55  Hellion x2, Supply Depot, SCV  
  50  4:02  SCV  
  51  4:07  Stimpack, SCV  
  52  4:14  SCV  
  53  4:18  Hellion x2, Supply Depot  
  53  4:19  SCV  
  58  4:26  SCV  
  59  4:32  Command Center, SCV  
  59  4:33  Marine  
  61  4:38  SCV  
  61  4:44  SCV  
  62  4:48  Barracks  
  62  4:50  Marine, SCV  
  62  4:56  SCV  
  63  5:02  Barracks, Engineering Bay  
  63  5:03  SCV, Engineering Bay  
  61  5:07  Supply Depot  
  61  5:08  Marine, SCV  
  63  5:15  Refinery x2  
  63  5:17  SCV  
  63  5:20  SCV  
  65  5:22  Factory Tech Lab  
  65  5:26  Marine  
  66  5:29  SCV  
  66  5:30  Terran Infantry Weapons Level 1, Terran Infantry Armor Level 1  
  66  5:32  SCV  
  66  5:41  Siege Tank, SCV  
  68  5:44  SCV  
  68  5:49  Barracks Reactor  
  63  5:50  Combat Shield, Starport Reactor, Marine x2  
  63  5:56  SCV, Marine  
  63  5:57  Barracks, SCV  
  67  5:59  Barracks  
  67  6:08  SCV, Marine x2  
  67  6:09  SCV  
  71  6:13  Siege Tank  
  71  6:15  Marine  
  71  6:16  Supply Depot  
  75  6:20  Orbital Command, SCV  
  75  6:21  SCV  
  75  6:24  Supply Depot  
  77  6:25  Marine  
  77  6:26  Marine  
  77  6:27  Medivac x2  
  77  6:31  Armory  
  83  6:32  SCV  
  83  6:33  Marine  
  83  6:35  Supply Depot, SCV  
  83  6:36  Marine  
  83  6:37  Marine  
  88  6:44  Marine  
  88  6:45  Barracks Reactor, SCV  
  88  6:46  Siege Tank  
  93  6:47  Barracks Reactor, SCV  
  93  6:48  SCV  
  93  6:49  Marine, Supply Depot  
  93  6:51  Marine  
  97  6:54  Refinery x2  
  97  6:58  Marine x2  
  97  6:59  SCV, Supply Depot  
  100  7:02  SCV x2  
  100  7:06  Marine  
  103  7:08  Marine  
  103  7:11  SCV  
  103  7:12  Factory  
  103  7:13  Marine  
  103  7:14  SCV  
  107  7:17  Command Center  
  107  7:23  Siege Tank  
  107  7:24  Supply Depot  
  107  7:25  Marine x4  
  107  7:27  Marine  
  107  7:28  Marine  
  107  7:29  Marine x2  
  118  7:34  Terran Infantry Weapons Level 2  
  118  7:41  Marine  
  118  7:42  Marine  
  118  7:43  Marine  
  118  7:44  Medivac x2  
  125  7:46  Marine  
  125  7:50  Supply Depot x2  
  126  7:54  Terran Infantry Armor Level 2  
  126  7:57  Factory Reactor, Drilling Claws  
  126  7:58  Marine x5  
  123  8:03  Marine, Supply Depot x2  
  123  8:05  Marine  
  128  8:06  Marine x2  
  130  8:13  Supply Depot  
  130  8:14  Medivac  
  130  8:15  Siege Tank  
  130  8:16  Medivac, Marine x2  
  130  8:17  Marine  
  130  8:18  Marine x2  
  142  8:21  Marine  
  143  8:30  Barracks  
  143  8:31  Barracks, Terran Vehicle And Ship Armor Level 1  
  143  8:32  Barracks  
  143  8:33  SCV  
  144  8:39  Widow Mine x2  
  148  8:42  Marine x2  
  148  8:43  SCV x2  
  148  8:47  Widow Mine  
  152  8:53  Marine  
  152  8:54  Marine x5  
  147  8:55  SCV  
  147  8:56  Planetary Fortress  
  147  8:57  SCV  
  147  8:58  Marauder  
  147  8:59  Marine  
  147  9:00  Marine  
  147  9:02  Liberator x2  
  155  9:04  Widow Mine  
  157  9:11  Marine, SCV x2  
  157  9:12  SCV  
  157  9:15  Command Center  
  161  9:19  Widow Mine x2, Marauder  
  161  9:21  Barracks Tech Lab x2  
  161  9:23  Barracks Tech Lab  
  167  9:25  Widow Mine  
  167  9:26  Ghost Academy  
  169  9:39  Marine  
  169  9:40  Widow Mine, Marauder  
  169  9:41  Widow Mine  
  169  9:45  Marauder x2  
  150  9:53  Widow Mine  
  150  9:54  Marine x2  
  150  9:57  Marine x2, Marauder  
  150  9:58  Marine x2  
  149  10:00  Terran Infantry Weapons Level 3  
  149  10:02  Marauder  
  149  10:03  SCV, Refinery x2  
  149  10:05  SCV x2  
  149  10:06  Marine, Marauder  
  149  10:07  SCV, Marauder  
  158  10:15  SCV, Widow Mine  
  158  10:16  Marine x5  
  158  10:18  Marauder  
  158  10:19  Terran Infantry Armor Level 3  
  168  10:23  Marauder  
  170  10:29  Command Center  
  170  10:32  Widow Mine  
  170  10:33  Hellion  
  152  10:36  Widow Mine  
  152  10:37  Marauder x2, Marine x3  
  149  10:43  Marine  
  149  10:46  Liberator  
  149  10:47  Terran Vehicle And Ship Armor Level 2  
  153  10:52  Marauder  
  153  10:53  Sensor Tower, Marine  
  153  10:54  Widow Mine  
  153  10:55  Medivac  
  153  10:56  SCV  
  153  10:57  Marine  
  159  11:00  Widow Mine  
  159  11:01  Marine x3  
  165  11:06  Ghost  
  165  11:07  Ghost  
  169  11:13  Planetary Fortress  
  169  11:18  Widow Mine, Marine  
  172  11:21  Ghost  
  172  11:25  Medivac  
  176  11:29  Medivac  
  176  11:31  Ghost, Widow Mine  
  176  11:32  Marine  
  183  11:37  Marine  
  183  11:38  Marine  
  162  11:45  Marine x2, SCV x2  
  162  11:46  Command Center, Missile Turret, Marauder  
  168  11:49  Personal Cloaking  
  168  11:50  SCV  
  168  11:51  Orbital Command  
  168  11:53  Widow Mine  
  168  11:54  Marine x2, Refinery  
  171  11:55  Viking  
  171  11:56  Refinery  
  171  11:57  Widow Mine  
  171  11:58  Marauder  
  171  11:59  Medivac, SCV  
  171  12:00  Widow Mine  
  184  12:02  Ghost  
  184  12:08  Marine x3  
  188  12:14  Widow Mine  
  189  12:18  Widow Mine  
  189  12:19  Marine  
  189  12:22  Marine x2  
  192  12:25  Medivac  
  187  12:30  Ghost  
  187  12:34  Command Center, Sensor Tower, Marine x2, Widow Mine, Marauder x2  
  187  12:35  Missile Turret  
  195  12:40  Ghost, Widow Mine  
  195  12:43  Medivac  
  196  12:50  Starport  
  196  12:51  Fusion Core  
  194  12:54  Widow Mine  
  194  12:57  Orbital Command, Medivac  
  198  12:59  Command Center  
  198  13:00  Command Center  
  198  13:02  Widow Mine  
  200  13:24  Widow Mine  
  196  13:27  Medivac  
  196  13:28  Widow Mine  
  196  13:32  Marine x2, Widow Mine  
  200  13:36  Starport Reactor  
  197  13:47  Marauder x2  
  191  13:50  Medivac  
  191  13:51  Widow Mine  
  184  14:04  Ghost, Marine x2  
  184  14:06  Marine, Ghost, Medivac, Widow Mine  
  184  14:07  Marine x4  
  184  14:08  Marine, Widow Mine  
  161  14:13  Ghost  
  161  14:14  Liberator x2  
  166  14:19  Liberator  
  166  14:20  Command Center  
  166  14:21  Widow Mine  
  171  14:24  Ghost  
  171  14:26  Orbital Command  
  171  14:27  Cyclone  
  171  14:29  Widow Mine  
  177  14:32  Ghost  
  177  14:36  Liberator  
  182  14:38  Marine x3  
  182  14:39  Marine  
  182  14:42  Widow Mine, Armory, Terran Vehicle And Ship Armor Level 3, Starport  
  182  14:44  Advanced Ballistics  
  188  14:50  Widow Mine  
  190  14:57  Liberator x2  
  190  14:59  Widow Mine  
  194  15:01  Ghost x2  
  194  15:06  Planetary Fortress  
  198  15:17  Widow Mine x2  
  198  15:18  Liberator  
  198  15:20  Refinery  
  199  15:21  Sensor Tower  
  199  15:22  Missile Turret  
  199  15:23  Refinery  
  196  15:29  Widow Mine  
  196  15:33  Ghost  
  200  15:37  Starport Reactor  
  198  15:42  Command Center  
  198  15:50  Ghost  
  198  15:55  SCV  
  198  15:56  Caduceus Reactor  
  185  15:59  Medivac  
  185  16:01  Widow Mine  
  185  16:03  Ghost  
  183  16:07  Ghost  
  174  16:11  Medivac  
  174  16:18  Marauder  
  176  16:26  Medivac  
  176  16:27  Widow Mine  
  167  16:36  Marauder x3, Widow Mine  
  167  16:37  Liberator x3  
  167  16:38  Ghost, Widow Mine  
  176  16:40  Marine  
  176  16:41  Marine  
  178  16:48  Widow Mine, SCV x3  
  178  16:49  SCV  
  178  16:52  Medivac  
  181  16:54  SCV  
  181  16:55  Planetary Fortress  
  181  16:57  Ghost x3, Widow Mine  
  181  16:58  Sensor Tower  
  181  17:00  Refinery  
  181  17:01  Viking, Cyclone  
  192  17:02  Missile Turret  
  192  17:03  Terran Ship Weapons Level 1, Refinery  
  192  17:06  SCV x2  
  196  17:09  Viking, SCV  
  196  17:10  Missile Turret  
  196  17:11  Missile Turret  
  197  17:22  Liberator  
  200  17:39  Starport  
  200  17:41  Viking x3  
  197  17:55  Ghost  
  197  17:57  Marauder, Marine x2  
  174  17:59  Marine x5  
  174  18:00  Liberator x2, Marauder x2  
  174  18:02  Marine  
  174  18:03  Orbital Command  
  174  18:04  Orbital Command  
  162  18:07  Liberator, Widow Mine  
  163  18:15  Marine x2  
  163  18:17  Marine x3  
  163  18:18  Ghost  
  166  18:21  Marauder x2, SCV  
  166  18:23  Liberator  
  166  18:25  Marauder, Marine x3  
  172  18:29  Widow Mine, SCV  
  172  18:33  Marine x2  
  177  18:34  Marine  
  177  18:35  Liberator, Marine  
  177  18:36  SCV  
  177  18:39  SCV  
  177  18:40  SCV  
  185  18:42  Marauder  
  185  18:48  Command Center  
  187  18:50  Viking x2, Starport Reactor, Widow Mine  
  193  19:05  Liberator x2  
  196  19:13  SCV  
  197  19:22  Marauder  
  182  19:25  Ghost, Widow Mine  
  182  19:26  Marine x2  
  182  19:27  Marauder, Marine x4  
  182  19:28  Medivac, Marine x2  
  182  19:29  Marine  
  171  19:31  Medivac  
  171  19:34  SCV  
  171  19:35  SCV x2  
  171  19:36  SCV  
  171  19:38  SCV x2  
  176  19:43  Marine  
  176  19:44  Marine x3  
  176  19:45  Marine x5  
  181  19:47  Widow Mine  
  181  19:48  Marauder  
  181  19:51  Marauder  
  181  19:52  Medivac  
  193  19:54  Marauder  
  193  19:59  Liberator  
  198  20:00  Marine  
  198  20:02  Marine  
  198  20:08  Widow Mine  
  200  20:17  Ghost  
  199  20:27  Orbital Command  
  199  20:29  Marine  
  197  21:07  Widow Mine  
  199  21:14  Terran Ship Weapons Level 2  
  199  21:15  Missile Turret  
  199  21:21  Sensor Tower  
  199  21:40  Refinery  
  199  21:42  Planetary Fortress  
  198  21:49  Liberator, Widow Mine  
  193  21:58  Ghost  
  198  22:10  Widow Mine  
  200  22:20  Viking, Missile Turret  
  200  22:21  Missile Turret  
  194  22:24  Missile Turret, Refinery  
  194  22:28  Ghost  
  173  22:31  Marine  
  173  22:32  Widow Mine  
  155  22:37  Ghost x3  
  155  22:38  Viking x3  
  155  22:39  Marine x4  
  155  22:40  Marine x3  
  155  22:42  Orbital Command, SCV  
  155  22:43  SCV  
  172  22:45  SCV  
  172  22:48  Marine  
  174  22:53  Factory, Widow Mine  
  174  22:57  Viking x3, Ghost  
  184  23:04  Hi-Sec Auto Tracking, Neosteel Armor  
  184  23:05  Ghost  
  184  23:06  Marauder x2  
  184  23:08  Viking  
  191  23:14  Widow Mine  
  191  23:16  Viking  
  191  23:19  Marine x2  
  192  23:23  Marine x2  
  192  23:25  Ghost  
  198  23:27  Ghost  
  200  23:40  Factory Reactor  
  200  23:44  Command Center  
  200  23:53  Missile Turret x2  
  200  23:56  Terran Ship Weapons Level 3  
  200  24:03  Starport  
  200  24:10  Command Center  
  200  24:12  Command Center  
  194  24:17  Medivac x2  
  194  24:19  Widow Mine  
  197  24:24  Widow Mine  
  197  24:26  Viking  
  197  24:27  Viking  
  197  24:28  Viking  
  200  24:37  Ghost  
  191  24:39  Liberator x2  
  191  24:41  Marauder, Marine  
  200  24:56  Orbital Command  
  196  25:09  Liberator  
  199  25:22  Orbital Command  
  199  25:24  Planetary Fortress  
  199  25:28  Widow Mine  
  198  25:30  Liberator  
  199  25:54  Widow Mine  
  199  26:06  Command Center  
  199  26:15  Ghost  
  182  26:19  Ghost  
  169  26:26  Ghost x2  
  169  26:28  Widow Mine  
  169  26:30  Marine  
  169  26:32  Marine  
  169  26:34  Widow Mine  
Tags
 
Add a new tag
Caveats
  • Supply blocks, unpowered buildings, or Contaminate may cause inaccurate times.
  • Supply counts are checked every 10 seconds.